 Dungeon Crawl Stone Soup version 0.28-a0-845-gfc338a8e3c (webtiles) character file.

Game seed: 16734312571639362603

91 BinkBink the Sneak (level 4, -9/25 HPs)
             Began as a Vampire Enchanter on Nov 13, 2021.
             Killed from afar by Natasha (11 damage)
             ... with a puff of flame
             ... on level 3 of the Dungeon.
             The game lasted 00:09:44 (3481 turns).

BinkBink the Sneak (Vampire Enchanter)              Turns: 3481, Time: 00:09:45

Health: -9/25      AC:  2    Str:  7      XL:     4   Next: 34%
Magic:  5/7        EV: 12    Int: 17      God:
Gold:   113        SH:  0    Dex: 14 (15) Spells: 5/7 levels left

rFire   . . .      SeeInvis +   a - +1 dagger
rCold   + + .      Faith    .   (no shield)
rNeg    + + +      Spirit   .   b - +0 robe
rPois   ∞          Reflect  .   (no helmet)
rElec   .          Harm     .   (no cloak)
rCorr   .          Rampage  .   (no gloves)
Will    .....                   (no boots)
Stlth   +++++.....              (no amulet)
HPRegen 0.00/turn               (no ring)
MPRegen 0.10/turn               (no ring)

@: bloodless, inhibited regen
A: bloodless, fangs 3, see invisible, vampiric 2
a: Bat Form, Revivify


You were on level 3 of the Dungeon.
You visited 1 branch of the dungeon, and saw 3 of its levels.

You collected 113 gold pieces.

Inventory:

Hand Weapons
 a - a +1 dagger (weapon)
Armour
 b - a +0 robe (worn)
 l - a +0 pair of gloves
Wands
 j - a wand of charming (11)
Scrolls
 c - a scroll of silence {unknown}
 d - a scroll of enchant weapon {unknown}
 e - a scroll of enchant armour {unknown}
 i - a scroll of identify {unknown}
 k - a scroll of holy word {unknown}


   Skills:
 * Level 1.6 Fighting
 * Level 1.9 Short Blades
 * Level 2.4 Dodging
 * Level 5.5 Stealth
 * Level 2.2 Spellcasting
 * Level 5.1 Hexes


You had 5 spell levels left.
You knew the following spells:

 Your Spells              Type           Power      Damage    Failure   Level
a - Ensorcelled Hibernat  Hex/Ice        20%        N/A       10%         2

Your spell library contained the following spells:

 Spells                   Type           Power      Damage    Failure   Level
 Confusing Touch          Hex            19%        N/A       7%          3
 Tukima's Dance           Hex            19%        N/A       7%          3
 Dazzling Flash           Conj/Hex       20%        N/A       21%         3


Dungeon Overview and Level Annotations

Branches:
Dungeon (3/15)

Altars:

Shops:
D:1 (

Annotations:
D:3 Natasha


Innate Abilities, Weirdness & Mutations

You do not regenerate when monsters are visible.
You are frail without blood (-20% HP).
You can heal yourself when you bite living creatures.
You are immune to poison.
You have razor-sharp teeth.
You have supernaturally acute eyesight. (SInv)
You are afflicted with vampirism and can become a bat while bloodless.


Message History

An endoplasm and an orc come into view. 2 goblins and Natasha come into view.
Natasha is carrying a wand of flame (28).
An orc comes into view. It is wielding a +0 short sword.
Natasha wildly gestures.
You feel troubled.
Casting: Ensorcelled Hibernation (safe; 10% risk of failure)
Confirm with . or Enter, or press ? or * to list all spells.
Aiming: Ensorcelled Hibernation (safe; 10% risk of failure)
Press: ? - help, Shift-Dir - straight line, f - Natasha
Aim: Natasha, carrying a wand of flame (28) (chance to affect: 41%)
You miscast Ensorcelled Hibernation.
You are very lightly contaminated with residual magic.
Nothing appears to happen.
Casting: Ensorcelled Hibernation (safe; 10% risk of failure)
Confirm with . or Enter, or press ? or * to list all spells.
Aiming: Ensorcelled Hibernation (safe; 10% risk of failure)
Press: ? - help, Shift-Dir - straight line, f/p - Natasha
Aim: Natasha, carrying a wand of flame (28) (chance to affect: 41%) Natasha resists with some effort.
You barely miss Natasha.
The orc shouts!
Natasha claws you.
You hit Natasha but do no damage. Natasha claws you.
Natasha zaps a wand.
The puff of flame hits you!
Natasha casts a spell.
Your magical contamination has completely faded away.
Natasha howls an incantation.
You feel disoriented.
Found 10 gold pieces.
Natasha casts a spell.
The orc complains noisily.
Natasha howls an incantation.
You feel disoriented.
Natasha stares at you and mumbles some strange words.
The magic dart hits you!
* * * LOW HITPOINT WARNING * * *
Natasha hisses.
Natasha casts a spell.
Natasha zaps a wand.
The puff of flame hits you!
You die...

......# ....<..#
############......#
.................+
#...............##...
+......)........+....
#.#...............#....
#....†............#....
#.....@.o.........#....
#..................#....
#.............5....#....
#..........h............
#......................#
............5.#.......(.
....###########†.#.##5..
.### ##.##.#...
#.#.##..#


You could see an iron imp (summoned), Natasha, a white imp (summoned) and an
orc.

Vanquished Creatures
  An orc wizard (D:3)
  2 adders (D:2)
  A worm (D:2)
  2 dart slugs
  4 orcs (D:3)
  4 ball pythons
  2 endoplasms (D:1)
  A giant cockroach (D:3)
  A hobgoblin (D:3)
  2 jackals (D:2)
  4 kobolds (D:1)
  A quokka (D:1)
  4 bats
  5 frilled lizards
  5 goblins
  2 rats
41 creatures vanquished.

Notes
Turn   | Place    | Note
-------+----------+-------------------------------------------
     0 | D:1      | BinkBink the Vampire Enchanter began the quest for the Orb.
     0 | D:1      | Reached XP level 1. HP: 13/13 MP: 3/3
   220 | D:1      | Reached XP level 2. HP: 18/19 MP: 5/5
   510 | D:1      | Found a faded altar of an unknown god.
   566 | D:1      | Found Xazaom's Antique Weapon Shoppe.
   581 | D:1      | Reached skill level 5 in Stealth
   820 | D:2      | Reached skill level 5 in Hexes
   820 | D:2      | Gained mutation: You are afflicted with vampirism and can
                  | become a bat while bloodless. [Vampire growth]
   820 | D:2      | Reached XP level 3. HP: 20/20 MP: 6/6
  2005 | D:2      | Learned a level 2 spell: Ensorcelled Hibernation
  2972 | D:3      | Reached skill level 1 in Fighting
  2972 | D:3      | Reached XP level 4. HP: 25/25 MP: 7/7
  3450 | D:3      | Noticed Natasha
  3481 | D:3      | Killed from afar by Natasha

Illustrated notes

Levels and vault maps discovered:
D:1:      minmay_arrival_cross, layout_rooms, ebering_ecumenical_altar_hall,
          serial_shops, shop, corexii_item_surrounded_by_moat
D:2:      layout_basic
D:3:      layout_basic, minmay_misc_feat_tiny, uniq_natasha, uniq_robin

Skill      XL: |  1  2  3 |
---------------+----------+-----
Stealth        | 5 |  5.5
Hexes          | 5 |  5.1
Fighting       | 1 |  1.6
Short Blades   | |  1.9
Dodging        | |  2.4
Spellcasting   | |  2.2

Action                   |  1- 3 |  4- 6 || total
-------------------------+-------+-------++-------
Melee: Dagger            |    98 |    36 ||   134
       Bite              |     7 |     1 ||     8
 Cast: Ensorcelled Hiber |     4 |    10 ||    14
 Abil: Exsanguinate      |     1 |       ||     1
  Use: Potion            |     4 |       ||     4
 Stab: Sleeping          |     9 |     8 ||    17
Armor: Robe              |    11 |     9 ||    20
Dodge: Dodged            |    73 |    24 ||    97

Table legend: (Time is in decaauts)
 A = Elapsed time spent in this place.
 B = Non-inter-level travel time spent in this place.
 C = Inter-level travel time spent in this place.
 D = Time resting spent in this place.
 E = Time spent auto-exploring this place.
 F = Levels seen in this place.
 G = Mean time per level.
                   A        B        C        D        E       F      G
               +--------+--------+--------+--------+--------+-----+--------+
         Total |   3455 |   3269 |    186 |      0 |   2582 |   3 | 1151.7 |
       Dungeon |   3455 |   3269 |    186 |      0 |   2582 |   3 | 1151.7 |
               +--------+--------+--------+--------+--------+-----+--------+

Top non-repeatable levels by time:
     D:2: 1862 daAuts
     D:1: 1364 daAuts
     D:3: 228 daAuts
